 Dungeon Crawl Stone Soup version 0.25.1-2-g60ff931df9 (webtiles) character file.

Game seed: 12350051039628178782

547 Amplified the Poker (level 7, -1/56 HPs)
             Began as a Merfolk Wanderer on Oct 10, 2020.
             Was an Initiate of Okawaru.
             Slain by an adder (3 damage)
             ... on level 4 of the Dungeon.
             The game lasted 00:08:36 (5583 turns).

Amplified the Poker (Merfolk Wanderer)              Turns: 5583, Time: 00:08:37

Health: -1/56      AC:  0    Str: 10 (11) XL:     7   Next: 28%
Magic:  0/11       EV: 13    Int: 11 (13) God:    Okawaru [......]
Gold:   158        SH:  0    Dex: 14 (15) Spells: 8/12 levels left

rFire    + . .     SeeInvis .   a - +2 spear
rCold    . . .     Gourm    .   (no shield)
rNeg     . . .     Faith    .   r - +1 leather armour {rF+}
rPois    .         Spirit   +   (no helmet)
rElec    .         Reflect  .   (no cloak)
rCorr    .         Harm     .   (no gloves)
MR       .....                  (no boots)
Stlth    +.........             l - amulet of guardian spirit
HPRegen  0.18/turn              (no ring)
MPRegen  0.12/turn              (no ring)

@: about to teleport, corroded
A: change form in water, swift swim, stealthy swim
a: Renounce Religion


You were on level 4 of the Dungeon.
You worshipped Okawaru.
Okawaru was noncommittal.
You were hungry.

You visited 1 branch of the dungeon, and saw 5 of its levels.
You also visited: Ossuary.

You collected 158 gold pieces.

Inventory:

Hand Weapons
 a - a +2 spear (weapon)
Missiles
 b - 6 datura-tipped darts
 c - 23 poisoned darts (quivered)
Armour
 e - a +1 robe
 r - a +1 leather armour of fire resistance (worn)
Jewellery
 l - an amulet of guardian spirit (around neck)
Wands
 g - a wand of iceblast (11)
 i - a wand of digging (8)
 n - a wand of polymorph (3)
Scrolls
 d - 5 scrolls of remove curse
 j - a scroll of identify
 m - a scroll of amnesia
Potions
 k - a potion of magic
Comestibles
 f - 6 rations


   Skills:
 * Level 5.2 Fighting
 * Level 6.6 Polearms
 - Level 1.0 Throwing
 + Level 4.4 Dodging
 - Level 1.1 Stealth
   Level 1.0 Shields
 - Level 3.0 Spellcasting
 - Level 2.1 Charms
 * Level 0.0 Invocations


You had 8 spell levels left.
You knew the following spells:

 Your Spells              Type           Power        Failure   Level  Hunger
a - Freeze                Ice            #...         34%         1    #......
b - Ozocubu's Armour      Chrm/Ice       #.......     56%         3    ###....

Your spell library contained the following spells:

 Spells                   Type           Power        Failure   Level  Hunger
 Confusing Touch          Hex            #.......     71%         3    ###....
 Gell's Gravitas          Tloc           #.........   71%         3    ###....
 Petrify                  Tmut/Erth      #.......     98%         4    #####..
 Metabolic Englaciation   Hex/Ice        #.........   100%        5    ######.
 Yara's Violent Unravell  Hex/Tmut       #.........   100%        5    ######.


Dungeon Overview and Level Annotations

Branches:
Dungeon (5/15)            Ossuary (visited)
 Temple: D:4-7

Altars:
Gozag
Nemelex Xobeh
Okawaru
Sif Muna
Yredelemnul
Zin


Message History

* * * LOW HITPOINT WARNING * * *
You climb upwards.
There is a stone staircase leading down here.
Unknown command.
Unknown command.
As you read the scroll of teleportation, it crumbles to dust.
You feel strangely unstable. The adder barely misses you.
The gnoll hits you with a +0 whip!
* * * LOW HITPOINT WARNING * * *
Unknown command.
Okay, then.
The adder barely misses you.
It was a potion of degeneration.
There was something very wrong with that liquid.
You feel weakened.
You feel dopey.
You feel clumsy. The gnoll hits you but does no damage. The adder bites you.
* * * LOW HITPOINT WARNING * * *
Unknown command.
The adder bites you.
You die...

#.#..#........#....##
########
#........)....#....#
#......#
####..........#....#
#......# #..........#....#
#......# ##.........######
#......# #.........#
####......# #..####.#.#
..........# ######'####.#.#
####......# #...@S>..##.#.#
########### #.##..g..##.#.#
#############.##.....##.#.##
##§####.....#.########.....#
#§§.###.....#.#### #.....#
○§°○○##..........# #.....#
#°○.###..........# #.....#
##○####..........# #.....#
#######..........# #.....#


You could see a gnoll and an adder.

Vanquished Creatures
  Edmund (D:4)
  A centaur zombie (Ossuary)
  An orc priest (D:4)
  Jessica (D:2)
  A centaur skeleton (D:4)
  A gnoll shaman (D:4)
  2 iguanas (D:4)
  A mummy (D:4)
  7 gnolls
  6 adders
  2 oozes
  3 adder zombies (Ossuary)
  2 worms
  2 dart slugs
  3 leopard geckos
  9 orcs
  A ball python (D:1)
  10 bats
  3 giant cockroaches
  9 hobgoblins
  5 kobolds
  A quokka (D:2)
  5 frilled lizards
  4 goblins
  A hobgoblin skeleton (Ossuary)
  4 kobold zombies
  An orc skeleton (Ossuary)
  An orc zombie (D:4)
  3 rats
91 creatures vanquished.

Notes
Turn   | Place    | Note
-------+----------+-------------------------------------------
     0 | D:1      | Amplified the Merfolk Wanderer began the quest for the Orb.
     0 | D:1      | Amplified set off with the following items: a +2 spear, 11
                  | poisoned darts, a +0 dagger, a +0 robe, a ration; and the
                  | following spell memorised: Freeze; and the following spells
                  | available to memorise: Ozocubu's Armour
     0 | D:1      | Reached XP level 1. HP: 15/15 MP: 4/4
    74 | D:1      | Reached skill level 1 in Polearms
   225 | D:1      | Reached XP level 2. HP: 17/21 MP: 6/6
   458 | D:1      | Reached skill level 2 in Polearms
   779 | D:1      | Reached XP level 3. HP: 19/27 MP: 7/7
  1044 | D:2      | Reached skill level 3 in Polearms
  1044 | D:2      | Reached XP level 4. HP: 27/34 MP: 8/8
  1246 | D:2      | Noticed Jessica
  1256 | D:2      | Killed Jessica
  1509 | D:2      | Learned a level 3 spell: Ozocubu's Armour
  1533 | D:3      | Reached skill level 4 in Polearms
  1533 | D:3      | Reached XP level 5. HP: 35/41 MP: 9/9
  2568 | D:3      | Found a shimmering blue altar of Sif Muna.
  3248 | D:3      | Found a glowing silver altar of Zin.
  3249 | D:3      | Found an opulent altar of Gozag.
  3361 | D:4      | Reached skill level 5 in Polearms
  3361 | D:4      | Reached XP level 6. HP: 37/48 MP: 8/10
  3405 | D:4      | Found a sand-covered staircase.
  3492 | Ossuary  | Entered an ossuary
  3810 | Ossuary  | Noticed a wraith
  3810 | Ossuary  | Noticed a flying skull
  3816 | Ossuary  | Noticed a flying skull
  3817 | Ossuary  | Noticed a flying skull
  3847 | Ossuary  | Noticed a wraith
  4282 | D:4      | Found an iron altar of Okawaru.
  4870 | D:4      | Found a sparkling altar of Nemelex Xobeh.
  4940 | D:4      | Noticed Edmund
  4955 | D:5      | Entered Level 5 of the Dungeon
  4964 | D:4      | Reached skill level 6 in Polearms
  4964 | D:4      | Reached XP level 7. HP: 50/55 MP: 9/11
  4996 | D:4      | Found a basalt altar of Yredelemnul.
  5064 | D:4      | Killed Edmund
  5064 | D:4      | Reached skill level 5 in Fighting
  5440 | D:4      | Became a worshipper of Warmaster Okawaru
  5582 | D:4      | HP: 2/56 [adder (5)]
  5583 | D:4      | Slain by an adder

Illustrated notes

Levels and vault maps discovered:
D:1:      eino_arrival_cavern_d, layout_rooms
D:2:      layout_rooms, first_ration, uniq_jessica
D:3:      layout_rooms, grunt_temple_overflow_gold_and_silver, led_sif_book
D:4:      layout_basic, nemelex_altar_shiori, old_standard_altar,
          overflow_temple_1_default, nicolae_ossuary_entry_giza, uniq_edmund
D:5:      lemuel_ratsnest, layout_basic

Skill      XL: |  1  2  3  4  5  6  7 |
---------------+----------------------+-----
Polearms       | 1 2 3 4 5 6 |  6.6
Fighting       | 2 3 4 5 |  5.2
Dodging        | 2 3 4 |  4.4
Throwing       | |  1.0
Stealth        | |  1.1
Shields        | |  1.0
Spellcasting   | |  3.0
Charms         | |  2.1

Action                   |  1- 3 |  4- 6 |  7- 9 || total
-------------------------+-------+-------+-------++-------
Melee: Spear             |    60 |   297 |    17 ||   374
       Unarmed           |       |       |    18 ||    18
Throw: Dart              |    11 |    49 |     1 ||    61
  Use: Scroll            |     3 |     9 |     1 ||    13
       Potion            |     2 |    11 |     1 ||    14
 Stab: Sleeping          |     7 |     7 |       ||    14
       Distracted        |       |     1 |       ||     1
       Confused          |       |       |     5 ||     5
  Eat: Chunk             |       |     6 |     1 ||     7
       Ration            |       |     2 |       ||     2
Armor: Robe              |     9 |    22 |       ||    31
       Leather armour    |       |    22 |     3 ||    25
       Skin              |       |       |     1 ||     1
Dodge: Dodged            |    31 |   158 |    14 ||   203
